 Dungeon Crawl Stone Soup version 0.29-a0-459-g97dee8cd24 (webtiles) character file.

Game seed: 8844556601603437660

10161 runemasterragnar the Thaumaturge (level 11, -14/104 HPs)
             Began as a Pale Draconian Conjurer on May 20, 2022.
             Was a Believer of Vehumet.
             Demolished by a sun demon (18 damage)
             ... summoned by a kobold demonologist
             ... on level 11 of the Dungeon on May 21, 2022.
             The game lasted 00:31:06 (14828 turns).

runemasterragnar the Thaumaturge (DrCj)            Turns: 14828, Time: 00:31:07

Health: -14/104    AC: 24    Str: 10      XL:     11   Next: 32%
Magic:  16/24      EV:  6    Int: 20 (23) God:    Vehumet [**....]
Gold:   624        SH:  0    Dex:  9      Spells: 9/28 levels left

rFire   . . .      SeeInvis .   e - +1 spear
rCold   . . .      Faith    .   (no shield)
rNeg    + . .      Spirit   .   (body armour unavailable)
rPois   ∞          Reflect  +   (helmet restricted)
rElec   +          Harm     .   (no cloak)
rCorr   .          Rampage  .   (gloves currently unavailable)
Will    +....                   (boots currently unavailable)
Stlth   ++........              z - amulet of reflection
HPRegen 0.27/turn               x - ring of wizardry
MPRegen 0.19/turn               u - ring of willpower

@: statue-form, held, very slow
A: slow and powerful, torment resistance 1, boosted hp, (breathe steam), AC +7,
unfitting armour, cold-blooded, steam resistance
a: End Transformation, Renounce Religion


You were on level 11 of the Dungeon.
You worshipped Vehumet.
Vehumet was pleased with you.
You were a living statue of rough stone.
You visited 2 branches of the dungeon, and saw 12 of its levels.

You collected 624 gold pieces.

Inventory:

Hand Weapons
 e - a +1 spear (weapon)
Missiles
 J - a throwing net
Jewellery
 u - a ring of willpower (right fist)
 x - a ring of wizardry (left fist)
 z - an amulet of reflection (around neck)
 B - a +6 ring of dexterity
 F - a ring of protection from fire
 I - an amulet of faith
 K - a ring of protection from fire
Wands
 c - a wand of acid (10)
 q - a wand of iceblast (18)
 E - a wand of paralysis (31)
 H - a wand of flame (10)
Scrolls
 d - a scroll of teleportation
 g - 2 scrolls of vulnerability {unknown}
 k - 5 scrolls of amnesia
 l - 2 scrolls of noise {unknown}
 m - 3 scrolls of fog {unknown}
 n - 3 scrolls of fear {unknown}
 r - a scroll of poison
 v - a scroll of blinking {unknown}
 A - a scroll of enchant armour {unknown}
 C - a scroll of torment {unknown}
Potions
 a - a potion of magic
 b - 5 potions of curing
 f - 3 potions of heal wounds
 h - 3 potions of might
 i - a potion of brilliance {unknown}
 j - a potion of flight
 o - a potion of berserk rage
 p - 3 potions of degeneration
 s - 3 potions of attraction
 t - 3 potions of cancellation
 w - a potion of resistance {unknown}
 D - 2 potions of ambrosia
 G - a potion of invisibility {unknown}


   Skills:
 - Level 2.5 Fighting
 - Level 2.9 Dodging
 - Level 2.3 Stealth
 + Level 9.2 Spellcasting
 - Level 7.4 Conjurations
 - Level 7.1 Translocations
 * Level 3.7 Transmutations
 + Level 7.6 Earth Magic
 - Level 7.4 Evocations


You had 9 spell levels left.
You knew the following spells:

 Your Spells              Type           Power      Damage    Failure   Level
a - Magic Dart            Conj           100%       1d8       1%          1
b - Searing Ray           Conj           78%        2d7       1%          2
c - Stone Arrow           Conj/Erth      78%        3d11      1%          3
d - Iskenderun's Mystic   Conj/Tloc      38%        2d9       1%          4
e - Teleport Other        Tloc           37%        N/A       1%          3
f - Statue Form           Tmut/Erth      20%        N/A       41%         6

Your spell library contained the following spells:

 Spells                   Type           Power      Damage    Failure   Level
 Static Discharge         Conj/Air       24%        N/A       1%          2
 Apportation              Tloc           74%        N/A       1%          1
 Sandblast                Erth           78%        2d17      1%          1
 Passwall                 Tmut/Erth      25%        N/A       1%          2
 Dazzling Flash           Conj/Hex       48%        N/A       1%          3
 Gell's Gravitas          Tloc           37%        N/A       1%          3
 Portal Projectile        Hex/Tloc       46%        N/A       2%          3
 Necrotize                Necr           36%        1d5       3%          1
 Summon Small Mammal      Summ           36%        N/A       3%          1
 Petrify                  Tmut/Erth      31%        N/A       3%          4
 Fulminant Prism          Conj/Hex       12%        3d9       6%          4
 Leda's Liquefaction      Hex/Erth       12%        N/A       6%          4
 Call Canine Familiar     Summ           9%         N/A       9%          3
 Summon Guardian Golem    Hex/Summ       9%         N/A       9%          3
 Ice Form                 Ice/Tmut       16%        N/A       14%         4
 Blade Hands              Tmut           12%        N/A       17%         5
 Summon Forest            Summ/Tloc      11%        N/A       19%         5
 Dispersal                Tloc           18%        N/A       26%         6
 Corpse Rot               Necr/Pois/Air  9%         N/A       28%         4
 Dispel Undead            Necr           9%         3d8       28%         4
 Metabolic Englaciation   Hex/Ice        4%         N/A       61%         5
 Summon Mana Viper        Hex/Summ       9%         N/A       61%         5
 Death Channel            Necr           4%         N/A       98%         6
 Summon Cactus Giant      Summ           4%         N/A       98%         6
 Dragon Form              Tmut           12%        N/A       99%         7


Dungeon Overview and Level Annotations

Branches:
Dungeon (11/15)            Temple (1/1) D:4            Lair (0/6) D:10
    Orc: D:9-12

Altars:
Ashenzari
Cheibriados
Dithmenos
Elyvilon
Fedhas
Gozag
Hepliaklqana
Kikubaaqudgha
Makhleb
Nemelex Xobeh
Okawaru
Qazlal
Ru
Sif Muna
Trog
Uskayaw
Vehumet
Wu Jian
Xom
Yredelemnul
Zin
The Shining One

Shops:
D:1 (   D:8 *

Annotations:
D:7 exclusion: ice statue
D:11 Harold


Innate Abilities, Weirdness & Mutations

You are a living statue of rough stone.
Your actions are slow, but your melee attacks are powerful.
You are resistant to unholy torment.
Your maximum health is greatly increased.
You are immune to poison.
Your equipment is partially melded.
((You can breathe blasts of scalding, opaque steam.))
((Your pale cyan-grey scales are hard. (AC +7)))
You cannot fit into any form of body armour.
You are cold-blooded and may be slowed by cold attacks.
You are immune to the effects of steam.


Message History

The searing ray hits the sun demon.
The sun demon is lightly wounded.
The searing ray hits Harold.
Harold is heavily wounded.
The searing ray hits the kobold demonologist!
The kobold demonologist is almost dead.
The searing ray hits the crimson imp!
The crimson imp is almost dead.
The sun demon hits you!
You are engulfed in flames!!
The kobold demonologist mumbles some strange words.
The sun demon hits you but does no damage.
The searing ray misses the sun demon.
The searing ray hits Harold.
Harold is heavily wounded.
The searing ray hits the kobold demonologist.
The kobold demonologist is almost dead.
The searing ray hits the crimson imp!
You kill the crimson imp!
The crimson imp disappears in a puff of smoke!
You finish channelling your searing ray.
The sun demon hits you!
You are engulfed in flames!
* * * LOW HITPOINT WARNING * * *
The kobold demonologist looks braver for a moment.
Unknown command.
Aiming: Corrosive Bolt
Press: ? - help, Shift-Dir - straight line, f/p - kobold demonologist
Aim: a kobold demonologist, wielding a +0 dagger and wearing a +0 robe (almost dead, 64% to hit)
The bolt of acid hits the sun demon!!
The acid corrodes the sun demon!
The sun demon is heavily wounded.
The bolt of acid hits Harold!!
Harold is severely wounded.
The bolt of acid misses the kobold demonologist.
The bolt of acid hits the quasit!
The quasit is severely wounded.
The sun demon barely misses you. The neqoxec gestures at you.
You feel dopey. Something feeds on your intellect! The sun demon hits you!
* * * LOW HITPOINT WARNING * * *
You are engulfed in flames!!
You die...

###+# #..# #... #.....#..#
#(.### #.....#..# #....#
#.....#... #....# #.....#..#
#8...### #.....#..# #3##.#'## #
#.....#..#####@# #..##########
#.....#..'...4K# #....##..#.#.
#.#...#..#..#35# #....##..#...
#.....#..#..#..##.#....##..#...
#.....#..#........##'####..#...
#.....#..#####'####....##..#...
#..##.'..# ... #....#...#...


You could see Harold, a sun demon (summoned, corroded), an orange demon
(summoned), a kobold demonologist, a neqoxec (summoned) and a quasit (summoned).

Vanquished Creatures
  2 tengu warriors (D:9)
  Maurice (D:8)
  A gargoyle (D:10)
  Joseph (D:10)
  Psyche (D:8)
  A troll (D:10)
  3 wyverns (D:10)
  15 yaks
  Eustachio (D:5)
  A steam dragon (D:7)
  Menkaure (D:5)
  5 water moccasins
  An ice beast (D:7)
  2 orc warriors
  2 sky beasts
  A black bear (D:8)
  3 centaurs
  5 ogres
  3 phantoms
  A kobold brigand (D:7)
  2 scorpions
  3 bullfrogs
  A gnoll sergeant (D:10)
  2 necrophages
  5 wights (D:8)
  13 killer bees
  3 howler monkeys
  3 vampire bats (D:4)
  An electric eel (D:8)
  2 hounds
  A gnoll shaman (D:5)
  3 orc priests
  4 jellies
  Jessica (D:2)
  5 iguanas
  6 orc wizards
  A hound skeleton (D:7)
  Robin (D:4)
  7 adders
  13 gnolls
  3 shadow imps
  3 white imps
  2 worms
  3 dart slugs
  23 orcs
  5 ball pythons
  A bat skeleton (D:4)
  3 bat zombies (D:4)
  7 endoplasms
  5 giant cockroaches
  14 goblins
  11 hobgoblins
  8 jackals
  10 kobolds
  5 quokkas
  8 bats
  6 frilled lizards
  6 rats
251 creatures vanquished.

Vanquished Creatures (others)
  7 fungi
  8 plants
15 creatures vanquished.

Grand Total: 266 creatures vanquished

Notes
Turn   | Place    | Note
-------+----------+-------------------------------------------
     0 | D:1      | runemasterragnar the Draconian Conjurer began the quest for
                  | the Orb.
     0 | D:1      | Reached XP level 1. HP: 14/14 MP: 3/3
   842 | D:1      | Reached XP level 2. HP: 20/20 MP: 0/5
   893 | D:1      | Found Zietab's Antique Weapon Shoppe.
  1297 | D:1      | Learned a level 2 spell: Searing Ray
  1617 | D:1      | Reached skill level 5 in Conjurations
  1621 | D:1      | Reached XP level 3. HP: 26/26 MP: 0/6
  2152 | D:1      | Learned a level 3 spell: Stone Arrow
  2741 | D:2      | Noticed Jessica
  2753 | D:2      | Killed Jessica
  2754 | D:2      | Reached XP level 4. HP: 23/33 MP: 0/7
  3117 | D:2      | Found a faded altar of an unknown god.
  3548 | D:3      | Noticed an ogre
  3958 | D:3      | Killed an ogre
  3959 | D:3      | Reached XP level 5. HP: 38/38 MP: 2/8
  4276 | D:4      | Found a staircase to the Ecumenical Temple.
  4290 | Temple   | Entered the Ecumenical Temple
  4555 | D:4      | Noticed a phantom
  4567 | D:4      | Killed a phantom
  4568 | D:4      | Reached XP level 6. HP: 36/45 MP: 0/9
  4676 | D:4      | Noticed Robin
  4682 | D:4      | Killed Robin
  5053 | D:4      | Found an ancient bone altar of Kikubaaqudgha.
  5056 | D:4      | Reached skill level 1 in Fighting
  5480 | D:4      | Reached skill level 3 in Spellcasting
  5647 | D:5      | Entered Level 5 of the Dungeon
  5682 | D:5      | Found a hazy altar of Hepliaklqana.
  5683 | D:5      | Found a blossoming altar of Fedhas.
  5765 | D:5      | Noticed a sky beast
  5779 | D:5      | Killed a sky beast
  5780 | D:5      | Your scales start taking on a pale cyan-grey colour.
  5780 | D:5      | Reached XP level 7. HP: 50/55 MP: 6/12
  5780 | D:5      | Gained mutation: You are immune to the effects of steam.
                  | [Pale Draconian growth]
  6136 | D:5      | Learned a level 4 spell: Iskenderun's Mystic Blast
  6308 | D:5      | Reached skill level 1 in Earth Magic
  6309 | D:5      | Reached skill level 1 in Translocations
  6563 | D:5      | Reached skill level 4 in Spellcasting
  6758 | D:5      | Noticed Eustachio
  6766 | D:5      | Killed Eustachio
  6767 | D:5      | Reached XP level 8. HP: 62/62 MP: 7/14
  6817 | D:5      | Noticed Menkaure
  6821 | D:5      | Killed Menkaure
  7485 | D:6      | Reached skill level 5 in Spellcasting
  7601 | D:6      | Learned a level 3 spell: Teleport Other
  7671 | D:6      | Reached skill level 5 in Translocations
  7671 | D:6      | Reached skill level 5 in Earth Magic
  7671 | D:6      | Reached XP level 9. HP: 60/68 MP: 9/16
  7915 | D:6      | Found an iron altar of Okawaru.
  8477 | D:7      | Found a burning altar of Makhleb.
  8769 | D:7      | Found a bloodstained altar of Trog.
  8773 | D:7      | Found a snail-covered altar of Cheibriados.
  9253 | D:8      | Found a glowing silver altar of Zin.
  9255 | D:8      | Found Zin's Purification Station.
  9642 | D:8      | Noticed Maurice
  9647 | D:8      | Killed Maurice
  9648 | D:8      | Reached skill level 6 in Spellcasting
  9736 | D:7      | Reached skill level 1 in Evocations
  9981 | D:7      | Noticed an ice statue
 10161 | D:8      | Got the Reference Book on Moulding
 10275 | D:8      | Reached XP level 10. HP: 73/74 MP: 11/19
 10441 | D:8      | Learned a level 6 spell: Statue Form
 10566 | D:8      | Noticed Psyche
 10944 | D:8      | Killed Psyche
 11022 | D:8      | Found a sparkling altar of Nemelex Xobeh.
 11022 | D:8      | Found a radiant altar of Vehumet.
 11322 | D:8      | Became a worshipper of Vehumet
 11813 | D:9      | Noticed a tengu warrior
 11819 | D:9      | Noticed a tengu warrior
 11839 | D:9      | Killed a tengu warrior
 11840 | D:9      | Reached skill level 7 in Spellcasting
 12034 | D:9      | Killed a tengu warrior
 12035 | D:9      | Reached skill level 5 in Evocations
 12253 | D:9      | Reached skill level 8 in Spellcasting
 12683 | D:10     | Entered Level 10 of the Dungeon
 12728 | D:10     | Reached * piety under Vehumet
 12728 | D:10     | Offered knowledge of Foxfire by Vehumet.
 12838 | D:10     | Reached XP level 11. HP: 42/80 MP: 16/23
 12848 | D:10     | Reached skill level 1 in Transmutations
 13067 | D:10     | Reached skill level 9 in Spellcasting
 13075 | D:10     | Found a staircase to the Lair.
 13484 | D:10     | Found a glowing golden altar of the Shining One.
 14182 | D:10     | Reached ** piety under Vehumet
 14293 | D:10     | Noticed Joseph
 14312 | D:10     | Killed Joseph
 14312 | D:10     | Offered knowledge of Static Discharge by Vehumet.
 14541 | D:10     | Found a sacrificial altar of Ru.
 14814 | D:11     | Noticed Harold
 14822 | D:11     | Noticed a sun demon
 14828 | D:11     | HP: 4/104 [sun demon[a kobold demonologist] (13)]
 14828 | D:11     | Demolished by a sun demon

Illustrated notes

Levels and vault maps discovered:
D:1:      amcnicky_arrival_abandoned_market, layout_basic, serial_shops,
          nicolae_square_shop, minmay_hexomino_f4
D:2:      layout_basic, shapermc_ecumenical_altar_acropolis, uniq_jessica
D:3:      layout_basic, grunt_decor_fettered
D:4:      layout_basic, kennysheep_vampire_church, minmay_temple_entry_mist,
          eino_tiny_chamber, uniq_robin
D:5:      layout_loops_ring, nicolae_overflow_squiral, uniq_eustachio,
          uniq_menkaure
D:6:      layout_cave_pods, okawaru_gym_becter
D:7:      lemuel_ice_statue, layout_rooms, grunt_temple_overflow_open,
          makhleb_blood_cavern_becter
D:8:      layout_basic, zin_purify, gammafunk_temple_overflow_elements,
          uniq_psyche, uniq_maurice
D:9:      layout_basic
D:10:     layout_basic, lemuel_round_altar,
          mainiacjoe_overflow_concentric_impassable, minmay_lair_entry_grove,
          uniq_joseph
D:11:     layout_stronghold, david_orc_1_choice, uniq_harold
Temple:   compressed_dpeg_circular_temple

Skill      XL: |  1  2  3  4  5  6  7  8  9 10 11 |
---------------+----------------------------------+-----
Conjurations   | 5 6 7 |  7.4
Dodging        | 2 |  2.9
Fighting       | 2 |  2.5
Spellcasting   | 3 4 5 6 8 9 |  9.2
Earth Magic    | 2 5 7 |  7.6
Translocations | 2 5 7 |  7.1
Stealth        | 2 |  2.3
Evocations     | 2 7 |  7.4
Transmutations | 3 |  3.7

Action                   |  1- 3 |  4- 6 |  7- 9 | 10-12 || total
-------------------------+-------+-------+-------+-------++-------
Melee: Spear             |    90 |    51 |    29 |     6 ||   176
       Unarmed           |     9 |       |       |       ||     9
       Tailslap          |    13 |     6 |     4 |     1 ||    24
 Cast: Magic Dart        |    61 |    88 |    85 |    25 ||   259
       Searing Ray       |     3 |     8 |    15 |    12 ||    38
       Stone Arrow       |       |       |    34 |    49 ||    83
       Iskenderun's Myst |       |       |     7 |     1 ||     8
       Statue Form       |       |       |       |     1 ||     1
 Abil: Breathe Steam     |       |       |    29 |    32 ||    61
Evoke: Wand              |       |     1 |       |     2 ||     3
  Use: Scroll            |       |     8 |     1 |     6 ||    15
       Potion            |       |     1 |       |     5 ||     6
Armor: Skin              |    39 |    29 |    24 |    11 ||   103
Dodge: Dodged            |    69 |    74 |    44 |    35 ||   222
Block: Other             |       |       |    10 |    15 ||    25
       Reflection        |       |       |       |     4 ||     4

Table legend: (Time is in decaauts)
 A = Elapsed time spent in this place.
 B = Non-inter-level travel time spent in this place.
 C = Inter-level travel time spent in this place.
 D = Time resting spent in this place.
 E = Time spent auto-exploring this place.
 F = Levels seen in this place.
 G = Mean time per level.
                   A        B        C        D        E       F      G
               +--------+--------+--------+--------+--------+-----+--------+
         Total |  14873 |  14645 |    228 |   1796 |  10925 |  12 | 1239.4 |
       Dungeon |  14781 |  14553 |    228 |   1796 |  10848 |  11 | 1343.7 |
        Temple |     92 |     92 |      0 |      0 |     77 |   1 |   92.0 |
               +--------+--------+--------+--------+--------+-----+--------+

Top non-repeatable levels by time:
     D:8: 2352 daAuts
     D:1: 2158 daAuts
    D:10: 1935 daAuts
     D:5: 1414 daAuts
     D:4: 1326 daAuts
     D:2: 1309 daAuts
     D:6: 1307 daAuts
     D:9: 1105 daAuts
     D:7: 940 daAuts
     D:3: 776 daAuts
    D:11: 154 daAuts
  Temple: 92 daAuts
